 Dungeon Crawl Stone Soup version 0.30.1-11-g7821555f0a (webtiles) character file.

Game seed: 2543692130295936312

98 monsoonserge the Ducker (level 4, -3/37 HPs)
             Began as a Merfolk Monk on Oct 31, 2023.
             Slain by a gnoll
             ... wielding a +0 flail
              (11 damage)
             ... on level 2 of the Dungeon.
             The game lasted 00:03:50 (1719 turns).

monsoonserge the Ducker (Merfolk Monk)              Turns: 1719, Time: 00:03:50

Health: -3/37      AC:  2    Str: 11    XL:     4   Next: 69%
Magic:  4/4        EV: 14    Int:  9    God:
Gold:   168        SH:  0    Dex: 18    Spells: 3/3 levels left

rFire   . . .        a - +0 falchion
rCold   . . .        d - orb {light}
rNeg    . . .        b - +0 robe
rPois   .            (no helmet)
rElec   .            (no cloak)
rCorr   .            (no gloves)
SInv    .            (no boots)
Will    +....        (no amulet)
Stlth   +            e - ring of willpower
HPRegen 0.26/turn    (no ring)
MPRegen 0.09/turn

%: no passive effects
@: glowing
A: (nimble swimmer 2), mertail
a: no special abilities


You were on level 2 of the Dungeon.
You visited 1 branch of the dungeon, and saw 2 of its levels.

You collected 168 gold pieces.

Inventory:

Hand Weapons
 a - a +0 falchion (weapon)
Missiles
 k - 2 datura-tipped darts
 o - 10 poisoned darts (quivered)
Armour
 b - a +0 robe (worn)
 d - an orb of light (worn)
Jewellery
 e - a ring of willpower (left hand)
 n - a ring of ice
Scrolls
 f - a scroll of teleportation {unknown}
 g - 2 scrolls of blinking {unknown}
 j - 4 scrolls of identify {unknown}
 l - a scroll of fog {unknown}
 m - a scroll of immolation {unknown}
Potions
 c - a potion of ambrosia
 h - 2 potions of heal wounds {unknown}
 i - a potion of brilliance {unknown}


   Skills:
 + Level 4.0 Fighting
 + Level 5.0 Long Blades
 + Level 5.0 Dodging
 + Level 0.3 Stealth


You had 3 spell levels left.
You didn't know any spells.
Your spell library was empty.

Dungeon Overview and Level Annotations

Branches:
Dungeon (2/15)

Altars:

Annotations:
D:2 Jessica


Innate Abilities, Weirdness & Mutations

((You are very nimble when in or above water. (Stealth+, EV+, Speed+++)))
Your lower body shifts to a powerful aquatic tail in water.


Message History

The kobold shouts!
Found a thick jewelled staff.
A gnoll comes into view. It is wielding a +0 whip.
The gnoll shouts!
You hear a shout!
You hear an angry hiss.
The gnoll moves out of view.
The kobold throws a stone.
The stone hits you but does no damage.
A gnoll comes into view. It is wielding a +0 halberd.
The gnoll shouts!
You hear a shout!
A gnoll comes into view. It is wielding a +0 flail.
The kobold misses you.
The gnoll moves out of view.
A gnoll comes into view. It is wielding a +0 flail.
Jessica the Apprentice Sorceress comes into view.
She is wielding a +0 club and wearing a +2 robe of cold resistance.
Jessica shouts!
Jessica looks very angry.
The kobold barely misses you.
You hit the kobold.
You kill the kobold!
The gnoll closely misses you.
Things that are here:
a +0 dagger; 5 stones You hit the gnoll.
The gnoll is moderately wounded.
The gnoll misses you.
Jessica mumbles some strange words.
Jessica blinks!
You hit the gnoll.
The gnoll is almost dead.
You hit the gnoll but do no damage. The gnoll hits you with a +0 whip.
The gnoll misses you. The gnoll hits you with a +0 whip.
You hit the gnoll.
You kill the gnoll!
The gnoll barely misses you.
The gnoll hits you from afar with a +0 halberd.
Your Long Blades skill increases to level 5!
The gnoll attacks as you move away! The gnoll hits you with a +0 flail!
The gnoll attacks as you move away! The gnoll hits you with a +0 flail!
* * * LOW HITPOINT WARNING * * *
The gnoll hits you with a +0 flail!
You die...

...#....#..).....>..#
..^##..##..†........#
....#####...........#
#...................#
#...................#
#.........#####'#####
#.........#
#.########
###########
#........# ###
#.@......# ..#
#..g.....# ..#
#.g......###. ..#
#.g.......... ###
#...)).......
#...@........
#........###.
#.#.....## #.#.|.....


You could see 3 gnolls and Jessica.

Vanquished Creatures
  A gnoll (D:2)
  2 adders (D:2)
  A worm (D:2)
  A dart slug (D:1)
  2 endoplasms
  2 giant cockroaches
  5 hobgoblins (D:1)
  17 jackals
  6 kobolds
  2 quokkas (D:1)
  4 ball pythons
  7 bats
  A frilled lizard (D:1)
  6 goblins (D:2)
  2 rats (D:1)
59 creatures vanquished.

Notes
Turn   | Place    | Note
-------+----------+-------------------------------------------
     0 | D:1      | monsoonserge the Merfolk Monk began the quest for the Orb.
     0 | D:1      | Reached XP level 1. HP: 18/18 MP: 1/1
    46 | D:1      | Reached XP level 2. HP: 7/24 MP: 2/2
   503 | D:1      | Reached XP level 3. HP: 25/30 MP: 3/3
  1253 | D:2      | Reached XP level 4. HP: 18/37 MP: 4/4
  1439 | D:2      | Reached skill level 5 in Dodging
  1709 | D:2      | Noticed Jessica
  1717 | D:2      | Reached skill level 5 in Long Blades
  1719 | D:2      | Slain by a gnoll

Illustrated notes

Levels and vault maps discovered:
D:1:      saegor_arrival_miasma, layout_basic, nicolae_hexahallways,
          minmay_pentomino_x4
D:2:      layout_basic, minmay_puff, uniq_jessica

Skill      XL: |  1  2  3  4 |
---------------+-------------+-----
Long Blades    | 4 5 |  5.0
Fighting       | 4 |  4.0
Dodging        | 5 |  5.0
Stealth        | |  0.3

Action                     |  1- 3 |  4- 6 || total
---------------------------+-------+-------++-------
  Melee: Falchion          |   112 |    63 ||   175
 Armour: Robe              |    20 |    10 ||    30
  Dodge: Dodged            |   106 |    60 ||   166
